 Dungeon Crawl Stone Soup version 0.28.0-45-g0d030f2227 (webtiles) character file.

Game seed: 8406481069348224094

1070 brightshaft the Firebug (level 7, -11/50 HPs)
             Began as a Demigod Fire Elementalist on Apr 18, 2022.
             Mangled by an ice beast (14 damage)
             ... on level 6 of the Dungeon on Apr 19, 2022.
             The game lasted 00:13:09 (7724 turns).

brightshaft the Firebug (Demigod Fire Elementalist) Turns: 7724, Time: 00:13:09

Health: -11/50     AC:  3    Str: 15    XL:     7   Next: 79%
Magic:  15/25      EV: 12    Int: 25    God:
Gold:   295        SH:  0    Dex: 14    Spells: 1/14 levels left

rFire   . . .      SeeInvis .   j - +3 trident
rCold   . . .      Faith    .   (no shield)
rNeg    . . .      Spirit   .   a - +0 robe
rPois   .          Reflect  .   (no helmet)
rElec   .          Harm     .   y - +0 cloak
rCorr   .          Rampage  .   (no gloves)
Will    .....                   (no boots)
Stlth   ++........              (no amulet)
HPRegen 0.16/turn               b - ring of magical power
MPRegen 0.19/turn               m - +6 ring of strength

@: no status effects
A: high MP 1, forlorn, divine attributes
a: no special abilities


You were on level 6 of the Dungeon.
You visited 1 branch of the dungeon, and saw 6 of its levels.
You also visited: Sewer.

You collected 344 gold pieces.
You spent 49 gold pieces at shops.

Inventory:

Hand Weapons
 d - a +2 trident of pain
 j - a +3 trident (weapon)
Armour
 a - a +0 robe (worn)
 f - a +0 kite shield
 y - a +0 cloak (worn)
Jewellery
 b - a ring of magical power (left hand)
 m - a +6 ring of strength (right hand)
 s - a ring of protection from cold
 v - a +6 ring of strength
Wands
 w - a wand of flame (4) {@v2}
Scrolls
 e - 3 scrolls of identify {unknown}
 h - 2 scrolls of vulnerability {unknown}
 i - a scroll of fog {unknown}
 l - 3 scrolls of teleportation {@r4}
 q - a scroll of silence {unknown}
 u - a scroll of noise {unknown}
 x - a scroll of holy word {unknown}
 A - a scroll of enchant armour {unknown}
Potions
 c - a potion of lignification
 g - 2 potions of might {unknown}
 k - 5 potions of flight
 n - 3 potions of curing {unknown}
 o - a potion of berserk rage {unknown}
 p - a potion of ambrosia {unknown}
 r - a potion of invisibility {unknown}
 t - a potion of degeneration {unknown}
 z - a potion of haste {unknown}


   Skills:
 - Level 1.7 Dodging
 - Level 1.7 Stealth
 - Level 4.0 Spellcasting
 + Level 3.7 Conjurations
 * Level 7.2 Fire Magic


You had one spell level left.
You knew the following spells:

 Your Spells              Type           Power      Damage    Failure   Level
a - Foxfire               Conj/Fire      100%       2x1d9     1%          1
b - Scorch                Fire           82%        2d9       1%          2
c - Conjure Flame         Conj/Fire      32%        6-21      3%          3
d - Inner Flame           Hex/Fire       23%        N/A       6%          3
e - Flame Wave            Conj/Fire      32%        2d8       10%         4

Your spell library contained the following spells:

 Spells                   Type           Power      Damage    Failure   Level
 Apportation              Tloc           10%        N/A       9%          1
 Gell's Gravitas          Tloc           5%         N/A       26%         3
 Teleport Other           Tloc           5%         N/A       26%         3
 Alistair's Intoxication  Tmut/Pois      3%         N/A       94%         5
 Dispersal                Tloc           2%         N/A       100%        6


Dungeon Overview and Level Annotations

Branches:
Dungeon (6/15)             Temple (0/1) D:5           Sewer (visited)

Shops:
D:1 [   D:2 *([   D:4 *


Innate Abilities, Weirdness & Mutations

You have an increased reservoir of magic. (+10% MP)
You shall have no god before yourself.
Your divine heritage dramatically boosts your attributes as you level up.


Message History

Found 18 stones.
You now have 277 gold pieces (gained 9).
Found a stone staircase leading down.
You see here 18 stones.
Found a leather armour.
You now have 295 gold pieces (gained 18).
There is a stone staircase leading down here.
You see here a +0 leather armour.
Found a plate armour.
An ice beast comes into view.
Found 26 stones.
You see here a scroll labelled KOEVYN FUIPS.
An ice beast is nearby!
Flames lash the ice beast but do no damage.
The ice beast hits you. The ice beast freezes you.
Flames lash the ice beast.
The ice beast melts!
The ice beast is moderately wounded.
The ice beast's fire resistance burns away.
The ice beast hits you. The ice beast freezes you.
You are too injured to fight recklessly!
You are too injured to fight recklessly!
You are too injured to fight recklessly!
Casting: Scorch (safe; 1% risk of failure)
Press: ? - help, Q - select action, (/) - cycle Dir - look around, f - activate Flames lash the ice beast but do no damage.
The ice beast hits you. The ice beast freezes you!
Casting: Scorch (safe; 1% risk of failure)
Press: ? - help, Q - select action, (/) - cycle Dir - look around, f - activate Flames lash the ice beast.
The ice beast melts!
The ice beast is severely wounded.
The ice beast hits you. The ice beast freezes you!
* * * LOW HITPOINT WARNING * * *
Casting: Scorch (safe; 1% risk of failure)
Press: ? - help, Q - select action, (/) - cycle Dir - look around, f - activate Flames lash the ice beast.
The ice beast melts!
The ice beast is almost dead.
The ice beast hits you.
* * * LOW HITPOINT WARNING * * *
The ice beast freezes you!
You die...

####+#### #(.......
##........ ########.
.$....... .........
#Y....... .<.......
#@....... .........
#..[..... .........
#........ .........
+?....... .........
###........ .........
#.......###
..#####+####.###.##########
.....)..............[....>#
....####.###.###.##.#####.#


You could see an ice beast (combustible).

Vanquished Creatures
  A black bear (D:5)
  An ogre (D:5)
  A centaur (D:6)
  A phantom (D:6)
  A bullfrog (D:6)
  A water moccasin skeleton (D:3)
  A bullfrog zombie (D:5)
  A hound (D:5)
  2 jellies
  An orc priest (D:4)
  A bullfrog skeleton (D:4)
  An iguana (D:5)
  An orc wizard (D:3)
  A merfolk siren (Sewer)
  A merfolk avatar (Sewer)
  A hound skeleton (D:4)
  4 gnolls (D:6)
  10 adders
  4 river rats
  A shadow imp (D:6)
  A white imp (D:5)
  An ufetubus (D:5)
  An adder skeleton (D:4)
  3 worms
  A dart slug (D:4)
  19 orcs
  6 bats
  7 endoplasms
  7 giant cockroaches
  4 hobgoblins
  4 jackals (D:1)
  4 quokkas
  10 ball pythons
  8 frilled lizards
  13 goblins
  5 kobolds
  29 rats
159 creatures vanquished.

Vanquished Creatures (others)
  42 foxfires (D:1)
  A plant (D:1)
43 creatures vanquished.

Grand Total: 202 creatures vanquished

Notes
Turn   | Place    | Note
-------+----------+-------------------------------------------
     0 | D:1      | brightshaft the Demigod Fire Elementalist began the quest
                  | for the Orb.
     0 | D:1      | Reached XP level 1. HP: 14/14 MP: 5/5
    11 | D:1      | Found Poatushry's Armour Shoppe.
   410 | D:1      | Reached XP level 2. HP: 9/20 MP: 5/8
   413 | D:1      | Learned a level 2 spell: Scorch
   988 | D:1      | Bought a +0 kite shield for 49 gold pieces
  1390 | D:2      | Found Myck's Weapon Emporium.
  1504 | D:2      | Found Ucwamick's Armour Shoppe.
  1667 | D:2      | Reached XP level 3. HP: 26/26 MP: 10/10
  2158 | D:2      | Found Estresh's Assorted Antiques.
  2794 | D:3      | Reached XP level 4. HP: 7/33 MP: 12/12
  2929 | D:3      | Found a glowing drain.
  2938 | Sewer    | Entered a sewer
  3037 | Sewer    | Reached skill level 3 in Fire Magic
  3663 | Sewer    | Reached XP level 5. HP: 38/38 MP: 14/14
  3710 | Sewer    | Reached skill level 4 in Fire Magic
  4703 | D:3      | Reached skill level 5 in Fire Magic
  4703 | D:3      | Reached XP level 6. HP: 45/45 MP: 15/15
  4823 | D:3      | Learned a level 3 spell: Conjure Flame
  4827 | D:3      | Learned a level 3 spell: Inner Flame
  4832 | D:3      | Learned a level 4 spell: Flame Wave
  4888 | D:4      | Found Xazxel's Assorted Antiques.
  4896 | D:4      | Reached skill level 1 in Conjurations
  6038 | D:5      | Entered Level 5 of the Dungeon
  6365 | D:5      | Reached skill level 6 in Fire Magic
  6404 | D:5      | Reached XP level 7. HP: 30/50 MP: 16/16
  6541 | D:5      | Found a staircase to the Ecumenical Temple.
  7500 | D:6      | Reached skill level 7 in Fire Magic
  7724 | D:6      | Mangled by an ice beast

Illustrated notes

Levels and vault maps discovered:
D:1:      eino_arrival_tree_alley, layout_loops_ring,
          hellmonk_ecumenical_altar_run_dry, serial_shops, shop_statue,
          chequers_mini_garden, minmay_liquid_box
D:2:      layout_basic, serial_shops, nicolae_shop_advertising_works
          [nicolae_subvault_shop_adworks], nicolae_shop_stone, shop_statue,
          minmay_quantized
D:3:      layout_basic, portal_sewer_entry_e
D:4:      layout_basic, serial_shops, nicolae_shop_crystal
D:5:      layout_basic, amcnicky_altar_gilded, minmay_temple_entry_metal_lava
D:6:      layout_basic

Skill      XL: |  1  2  3  4  5  6  7 |
---------------+----------------------+-----
Spellcasting   | 2 3 4 |  4.0
Fire Magic     | 3 5 6 7 |  7.2
Conjurations   | 2 3 |  3.7
Dodging        | |  1.7
Stealth        | |  1.7

Action                   |  1- 3 |  4- 6 |  7- 9 || total
-------------------------+-------+-------+-------++-------
Melee: War axe           |    32 |       |       ||    32
       Punch             |     2 |       |       ||     2
       Trident           |    11 |    58 |    13 ||    82
 Cast: Foxfire           |    24 |       |       ||    24
       Scorch            |    33 |   121 |    28 ||   182
  Use: Potion            |       |     1 |       ||     1
 Stab: Sleeping          |     2 |     2 |     2 ||     6
Armor: Robe              |    11 |    12 |     3 ||    26
Dodge: Dodged            |    36 |    68 |    19 ||   123
